 Dungeon Crawl Stone Soup version 0.22-a0-379-ga9d99d6 (webtiles) character file.

46 esteth the Skirmisher (level 3, -1/29 HPs)
             Began as a Formicid Abyssal Knight on Apr 28, 2018.
             Was a Follower of Lugonu.
             Slain by a worker ant (5 damage)
             ... on level 2 of the Dungeon.
             The game lasted 00:03:00 (1341 turns).

esteth the Skirmisher (Formicid Abyssal Knight)     Turns: 1341, Time: 00:03:01

Health: -1/29      AC:  5    Str: 16    XL:     3   Next: 95%
Magic:  4/4        EV: 10    Int: 11    God:    Lugonu [*.....]
Gold:   54         SH:  0    Dex: 11    Spells: 2/2 levels left

rFire    . . .     SeeInvis +   a - +1 spear
rCold    . . .     Gourm    .   (no shield)
rNeg     . . .     Faith    .   g - +0 ring mail
rPois    .         Spirit   .   (helmet unavailable)
rElec    .         Reflect  .   l - scarf {cloud immunity}
rCorr    .         Harm     .   (no gloves)
MR       .....                  (no boots)
Stlth    +.........             (no amulet)
HPRegen  0.09/turn              (no ring)
MPRegen  0.09/turn              (no ring)

@: lethally poisoned (-1 -> -4), very slightly contaminated, invisible
A: permanent stasis, dig shafts and tunnels, four strong arms, antennae 3
a: Dig, Shaft Self, Depart the Abyss, Renounce Religion


You were on level 2 of the Dungeon.
You worshipped Lugonu.
Lugonu was aware of your devotion.
You were not hungry.

You visited 1 branch of the dungeon, and saw 2 of its levels.
You visited the Abyss 1 time.

You collected 54 gold pieces.

Inventory:

Hand Weapons
 a - a +1 spear (weapon)
 m - a +0 hunting sling
Armour
 b - a +0 leather armour
 g - a +0 ring mail (worn)
 l - a scarf of cloud immunity (worn)
Scrolls
 d - a scroll of remove curse {unknown}
 e - a scroll of teleportation {unknown}
 h - a scroll of amnesia {unknown}
 i - a scroll of fear {unknown}
 k - 2 scrolls of identify {unknown}
Comestibles
 c - a ration


   Skills:
 - Level 3.5 Fighting
 + Level 3.1 Polearms
 - Level 2.5 Armour
 - Level 1.2 Dodging
 - Level 2.6 Invocations


You had 2 spell levels left.
You didn't know any spells.

Dungeon Overview and Level Annotations

Branches:
Dungeon (2/15)

Altars:


Innate Abilities, Weirdness & Mutations

You cannot be hasted, slowed, berserked, paralysed or teleported.
You can dig through walls and to a lower floor.
Your four strong arms can wield two-handed weapons with a shield.
You have a pair of large antennae on your head. (SInv)


Message History

You hit the worker ant but do no damage.
The worker ant is heavily wounded.
The worker ant bites you.
Okay, then.
It was a potion of invisibility.
You fade into invisibility!
The worker ant bites you.
* * * LOW HITPOINT WARNING * * *
You are poisoned.
The worker ant poisons you!
You are very lightly contaminated with residual magic.
* * * LOW HITPOINT WARNING * * *
You feel sick.
* * * LOW HITPOINT WARNING * * *
You feel sick. The worker ant closely misses you.
* * * LOW HITPOINT WARNING * * *
You feel sick.
* * * LOW HITPOINT WARNING * * *
You feel sick. The worker ant bites you.
You die...

..# #.## ######### #.#
##>#######......<# #.#
#.#
####.............##.#
#.. #.#
#.....#.##.##.##.##.#
#.. #.# #.##..#.# #.....
#..####.###.##....#
####.#
###.......#.......###
...#
..(..........r....####.#
#####
.#.....##.#..a@.รท....#
##....##.##..########
#......r##.#.#
##...####.###.#
...........# #.#
####.####.# #.# .$?.
##.# ## #!... .# #.... .


You could see a worker ant and a rat.

Vanquished Creatures
  2 adders (D:2)
  An ooze (D:1)
  A leopard gecko (D:1)
  2 giant cockroaches (D:1)
  5 hobgoblins
  2 jackals (D:1)
  2 bats (D:2)
  A frilled lizard (D:1)
  3 goblins (D:1)
  5 rats
24 creatures vanquished.

Notes
Turn   | Place    | Note
-------+----------+-------------------------------------------
     0 | Abyss:1  | esteth the Formicid Abyssal Knight began the quest for the Orb.
     0 | Abyss:1  | Reached XP level 1. HP: 18/18 MP: 2/2
    33 | Abyss:1  | Found a corrupted altar of Lugonu.
    73 | Abyss:1  | Noticed a thrashing horror
    76 | D:1      | Escaped the Abyss
   104 | D:1      | Reached skill level 1 in Dodging
   260 | D:1      | Reached XP level 2. HP: 18/24 MP: 3/3
   415 | D:1      | Reached * piety under Lugonu
   593 | D:1      | Reached XP level 3. HP: 29/29 MP: 4/4
   995 | D:2      | HP: 1/29 [poisoned by an adder]
  1341 | D:2      | Slain by a worker ant

Vault maps used:
D:1:      dpeg_arrival_houses_and_road
D:2:      serial_glass, glass_columns_a, glass_columns_a, uniq_jessica

Skill      XL: |  1  2  3 |
---------------+----------+-----
Dodging        | 1 |  1.2
Polearms       | 3 |  3.1
Fighting       | |  3.5
Armour         | |  2.5
Invocations    | |  2.6

Action                   || total
-------------------------++-------
Melee: Spear             ||   124
Invok: Depart the Abyss  ||     1
  Use: Potion            ||     2
  Eat: Chunk             ||     1
Armor: Leather armour    ||    20
       Ring mail         ||    27
Dodge: Dodged            ||    68

Table legend:
 A = Spawn XP
 B = Non-spawn XP
 C = Spawn XP percentage of total XP
 D = Spawn monster count
 E = Non-spawn monster count
 F = Spawn count percentage of total count
 G = Total turns spent on level
                    A         B        C        D         E        F      G
               +---------+---------+-------+---------+---------+-------+---------
         Total |       0 |      67 |   0.0 |       0 |      24 |   0.0 |  1341
               +---------+---------+-------+---------+---------+-------+---------
           D:1 |       0 |      34 |   0.0 |       0 |      16 |   0.0 |   745
           D:2 |       0 |      33 |   0.0 |       0 |       8 |   0.0 |   520
               +---------+---------+-------+---------+---------+-------+---------
